PCL
REDWOOD CITY REDWOODS @ DISTRICT 9 PRAWNS
09/12/2030
 
TOP OF THE 1ST
Redwood City Redwoods batting - Pitching for District 9 Prawns : RHP Larry Johnston
Pitching: RHP Larry Johnston
Batting: LHB José Peralta 0-0: Ball
1-0: Called Strike
1-1: Swinging Strike
1-2: Ball
2-2: Fly out, F5 (Popup, 15)
Batting: LHB Keith Green 0-0: Ball
1-0: Called Strike
1-1: Foul Ball, location: 2F
1-2: Ball
2-2: Ball
3-2: Ground out 6-3 (Groundball, 6)
Batting: RHB David Adams 0-0: Ball
1-0: SINGLE (Groundball, 4MD)
Batting: LHB César Rodríguez 0-0: Called Strike
0-1: Called Strike
0-2: Foul Ball, location: 2F
0-2: Strikes out swinging
Top of the 1st over - 0 runs, 1 hit, 0 errors, 1 left on base; Redwood City 0 - District 9 0
BOTTOM OF THE 1ST
District 9 Prawns batting - Pitching for Redwood City Redwoods : RHP Carlos Rodríguez
Pitching: RHP Carlos Rodríguez
Batting: SHB David Boyle 0-0: Ball
1-0: Ball
2-0: Ball
3-0: Base on Balls
Batting: SHB Chris Barrett 0-0: Called Strike
0-1: SINGLE (Line Drive, 4D)
David Boyle to second
Batting: LHB Mike Davis 0-0: Ball
1-0: Ball
2-0: Ball
3-0: Base on Balls
David Boyle to third
Chris Barrett to second
Batting: LHB Manuel Cardenas 0-0: Ball
1-0: Ball
2-0: Called Strike
2-1: Ball
3-1: Base on Balls
David Boyle scores
Chris Barrett to third
Mike Davis to second
Batting: RHB José Colón 0-0: SINGLE (Line Drive, 7S)
Chris Barrett scores
Mike Davis to third
Manuel Cardenas to second
Batting: LHB Al Bartlett 0-0: Foul Ball, location: 2F
0-1: Ball
1-1: Foul Ball, location: 2F
1-2: Ball
2-2: Foul Ball, location: 2F
2-2: Fly out, F6 (Line Drive, 6)
Batting: RHB Jimmy King 0-0: Ball
1-0: Called Strike
1-1: Ball
2-1: Called Strike
Balk!
Mike Davis scores
Manuel Cardenas to third
José Colón to second
2-2: SINGLE (Line Drive, 9LS)
Manuel Cardenas scores
José Colón to third
Batting: RHB Edgardo Carrasco 0-0: Ball
1-0: Ball
2-0: Ball
3-0: Base on Balls
Jimmy King to second
Batting: RHB Alfredo Rangel 0-0: Called Strike
0-1: Hit by Pitch
José Colón scores
Jimmy King to third
Edgardo Carrasco to second
Batting: SHB David Boyle 0-0: Ball
1-0: Fly out, F4 (Line Drive, 4)
Batting: SHB Chris Barrett 0-0: Called Strike
0-1: Swinging Strike
0-2: Ball
1-2: Ball
2-2: Ball
3-2: Foul Ball, location: 2F
3-2: Ground out U3 (Groundball, 34)
Bottom of the 1st over - 5 runs, 3 hits, 0 errors, 3 left on base; Redwood City 0 - District 9 5
TOP OF THE 2ND
Redwood City Redwoods batting - Pitching for District 9 Prawns : RHP Larry Johnston
Batting: RHB Steve Sampson 0-0: Called Strike
0-1: SINGLE (Line Drive, 78S)
Batting: LHB Arthur Hall 0-0: Called Strike
0-1: Ball
1-1: Ball
2-1: Foul Ball, location: 2F
2-2: Strikes out swinging
Batting: RHB Luis Ramírez 0-0: Grounds into double play, 5-4-3 (Groundball, 56)
Top of the 2nd over - 0 runs, 1 hit, 0 errors, 0 left on base; Redwood City 0 - District 9 5
BOTTOM OF THE 2ND
District 9 Prawns batting - Pitching for Redwood City Redwoods : RHP Carlos Rodríguez
Batting: LHB Mike Davis 0-0: Called Strike
0-1: Ball
1-1: Ball
2-1: Swinging Strike
2-2: Ball
3-2: Base on Balls
Batting: LHB Manuel Cardenas 0-0: Foul Ball, location: 2F
0-1: Ball
1-1: SINGLE (Groundball, 4D)
Mike Davis to second
Batting: RHB José Colón 0-0: Ball
1-0: Foul Ball, location: 2F
1-1: Swinging Strike
1-2: Strikes out swinging
Batting: LHB Al Bartlett 0-0: Called Strike
0-1: Ball
1-1: Foul Ball, location: 2F
1-2: Ground out 6-3 (Groundball, 6S)
Mike Davis to third
Manuel Cardenas to second
Batting: RHB Jimmy King 0-0: Fly out, F3 (Popup, 3SF)
Bottom of the 2nd over - 0 runs, 1 hit, 0 errors, 2 left on base; Redwood City 0 - District 9 5
TOP OF THE 3RD
Redwood City Redwoods batting - Pitching for District 9 Prawns : RHP Larry Johnston
Batting: RHB Francisco Rodríguez 0-0: Swinging Strike
0-1: SINGLE (Line Drive, 6D)
Batting: RHB David Strickland 0-0: Called Strike
0-1: Fielders Choice at 2nd, 4-6 (Groundball, 4)
Batting: LHB José Peralta 0-0: Ball
1-0: Ball
2-0: Ball
3-0: Base on Balls
David Strickland to second
Batting: LHB Keith Green 0-0: Swinging Strike
0-1: Fielders Choice at 2nd, 3-6 (Groundball, 34)
David Strickland to third
Batting: RHB David Adams 0-0: Ball
1-0: Called Strike
1-1: Swinging Strike
1-2: Ball
2-2: Foul Ball, location: 2F
2-2: Strikes out swinging
Top of the 3rd over - 0 runs, 1 hit, 0 errors, 2 left on base; Redwood City 0 - District 9 5
BOTTOM OF THE 3RD
District 9 Prawns batting - Pitching for Redwood City Redwoods : RHP Carlos Rodríguez
Batting: RHB Edgardo Carrasco 0-0: Ground out 6-3 (Groundball, 56D)
Batting: RHB Alfredo Rangel 0-0: Ball
1-0: SOLO HOME RUN (Line Drive, 7D), Distance : 385 ft
Batting: SHB David Boyle 0-0: Ball
1-0: Fly out, F8 (Line Drive, 8LM)
Batting: SHB Chris Barrett 0-0: Called Strike
0-1: Ball
1-1: Ball
2-1: Ball
3-1: DOUBLE (Flyball, 78D)
Batting: LHB Mike Davis 0-0: Foul Ball, location: 2F
0-1: Foul Ball, location: 2F
0-2: SINGLE (Flyball, 78S)
Chris Barrett to third
Runner from 3rd tries for Home, SAFE, no throw
Batting: LHB Manuel Cardenas 0-0: Ball
1-0: SINGLE (Line Drive, 9S)
Mike Davis to second
Batting: RHB José Colón 0-0: Swinging Strike
0-1: Ball
1-1: Fly out, F6 (Popup, 6M)
Bottom of the 3rd over - 2 runs, 4 hits, 0 errors, 2 left on base; Redwood City 0 - District 9 7
TOP OF THE 4TH
Redwood City Redwoods batting - Pitching for District 9 Prawns : RHP Larry Johnston
Batting: LHB César Rodríguez 0-0: Foul Ball, location: 2F
0-1: Ball
1-1: Swinging Strike
1-2: Ball
2-2: Strikes out swinging
Batting: RHB Steve Sampson 0-0: Swinging Strike
0-1: Ball
1-1: DOUBLE (Flyball, 78D)
Batting: LHB Arthur Hall 0-0: Called Strike
0-1: Ball
1-1: Ground out 3-1 (Groundball, 34S)
Steve Sampson to third
Batting: RHB Luis Ramírez 0-0: Ground out 4-3 (Groundball, 4)
Top of the 4th over - 0 runs, 1 hit, 0 errors, 1 left on base; Redwood City 0 - District 9 7
BOTTOM OF THE 4TH
District 9 Prawns batting - Pitching for Redwood City Redwoods : RHP Carlos Rodríguez
Batting: LHB Al Bartlett 0-0: Called Strike
0-1: Called Strike
0-2: Strikes out swinging
Batting: RHB Jimmy King 0-0: Ball
1-0: Called Strike
1-1: Ball
2-1: Ground out 1-3 (Groundball, P)
Batting: RHB Edgardo Carrasco 0-0: Ground out 5-3 (Groundball, 5)
Bottom of the 4th over - 0 runs, 0 hits, 0 errors, 0 left on base; Redwood City 0 - District 9 7
TOP OF THE 5TH
Redwood City Redwoods batting - Pitching for District 9 Prawns : RHP Larry Johnston
Batting: RHB Francisco Rodríguez 0-0: Called Strike
0-1: Foul Ball, location: 2F
0-2: Fly out, F1 (Line Drive, 15)
Batting: RHB David Strickland 0-0: Ground out 1-3 (Groundball, 13S)
Batting: LHB José Peralta 0-0: Ball
1-0: Swinging Strike
1-1: Foul Ball, location: 2F
1-2: DOUBLE (Groundball, 3L)
Batting: LHB Keith Green 0-0: Swinging Strike
0-1: Ground out U3 (Groundball, 3)
Top of the 5th over - 0 runs, 1 hit, 0 errors, 1 left on base; Redwood City 0 - District 9 7
BOTTOM OF THE 5TH
District 9 Prawns batting - Pitching for Redwood City Redwoods : RHP Carlos Rodríguez
Batting: RHB Alfredo Rangel 0-0: Fly out, F7 (Flyball, 78D)
Batting: SHB David Boyle 0-0: Called Strike
0-1: Foul Ball, location: 2F
0-2: Foul Ball, location: 2F
0-2: Strikes out looking
Batting: SHB Chris Barrett 0-0: Foul Ball, location: 2F
0-1: Ball
1-1: Ground out 4-3 (Groundball, 4)
Bottom of the 5th over - 0 runs, 0 hits, 0 errors, 0 left on base; Redwood City 0 - District 9 7
TOP OF THE 6TH
Redwood City Redwoods batting - Pitching for District 9 Prawns : RHP Larry Johnston
Batting: RHB David Adams 0-0: DOUBLE (Line Drive, 7LD)
Batting: LHB César Rodríguez 0-0: Ball
1-0: Ball
2-0: Ball
3-0: Called Strike
3-1: Base on Balls
Batting: RHB Steve Sampson 0-0: Ball
1-0: Swinging Strike
1-1: Ball
2-1: Fly out, F8 (Flyball, 8RM)
Batting: LHB Arthur Hall 0-0: Ball
1-0: Foul Ball, location: 2F
1-1: Swinging Strike
1-2: Strikes out swinging
Batting: RHB Luis Ramírez 0-0: Called Strike
0-1: Foul Ball, location: 2F
0-2: Ball
1-2: Foul Ball, location: 2F
1-2: Foul Ball, location: 2F
1-2: Strikes out swinging
Top of the 6th over - 0 runs, 1 hit, 0 errors, 2 left on base; Redwood City 0 - District 9 7
BOTTOM OF THE 6TH
District 9 Prawns batting - Pitching for Redwood City Redwoods : RHP Carlos Rodríguez
Batting: LHB Mike Davis 0-0: Called Strike
0-1: Swinging Strike
0-2: Foul Ball, location: 2F
0-2: Fly out, F9 (Flyball, 9S)
Batting: LHB Manuel Cardenas 0-0: Foul Ball, location: 2F
0-1: Swinging Strike
0-2: Ball
1-2: SINGLE (Line Drive, 56D)
Batting: RHB José Colón 0-0: Ball
1-0: Foul Ball, location: 2F
1-1: Grounds into double play, 5-4-3 (Groundball, 5)
Bottom of the 6th over - 0 runs, 1 hit, 0 errors, 0 left on base; Redwood City 0 - District 9 7
TOP OF THE 7TH
Redwood City Redwoods batting - Pitching for District 9 Prawns : RHP Larry Johnston
Batting: RHB Francisco Rodríguez 0-0: Called Strike
0-1: Ball
1-1: Swinging Strike
1-2: Strikes out swinging
Batting: RHB David Strickland 0-0: Called Strike
0-1: Ball
1-1: Swinging Strike
1-2: Ball
2-2: SINGLE (Groundball, 34D)
Batting: LHB José Peralta 0-0: Called Strike
0-1: Swinging Strike
0-2: Fielders Choice at 2nd, 5-4 (Groundball, 56)
Batting: LHB Keith Green 0-0: Ball
1-0: Called Strike
1-1: SINGLE (Line Drive, 89S)
José Peralta to second
Runner from 2nd tries for 3rd, SAFE, no throw
Batting: RHB David Adams 0-0: Foul Ball, location: 2F
0-1: Fly out, F2 (Popup, 23F)
Top of the 7th over - 0 runs, 2 hits, 0 errors, 2 left on base; Redwood City 0 - District 9 7
BOTTOM OF THE 7TH
District 9 Prawns batting - Pitching for Redwood City Redwoods : RHP Carlos Rodríguez
Batting: LHB Al Bartlett 0-0: Ball
1-0: Ball
2-0: Swinging Strike
2-1: Foul Ball, location: 2F
2-2: Fly out, F8 (Flyball, 89D)
Batting: RHB Jimmy King 0-0: Ball
1-0: Ball
2-0: Ball
3-0: Base on Balls
Pitching: LHP Sam McMillan
Batting: RHB Edgardo Carrasco 0-0: Called Strike
0-1: Ball
1-1: Foul Ball, location: 2F
1-2: Grounds into double play, 4-6-3 (Groundball, 34)
Bottom of the 7th over - 0 runs, 0 hits, 0 errors, 0 left on base; Redwood City 0 - District 9 7
TOP OF THE 8TH
Redwood City Redwoods batting - Pitching for District 9 Prawns : RHP Larry Johnston
Now in LF: Donnie Cunningham
Batting: LHB César Rodríguez 0-0: Called Strike
0-1: Ball
1-1: Ball
2-1: Foul Ball, location: 2F
2-2: Foul Ball, location: 2F
2-2: Ground out 6-3 (Groundball, 6)
Batting: RHB Steve Sampson 0-0: Called Strike
0-1: Ball
1-1: Ball
2-1: Foul Ball, location: 2F
2-2: Strikes out swinging
Batting: LHB Arthur Hall 0-0: Ground out 6-3 (Groundball, 6)
Top of the 8th over - 0 runs, 0 hits, 0 errors, 0 left on base; Redwood City 0 - District 9 7
BOTTOM OF THE 8TH
District 9 Prawns batting - Pitching for Redwood City Redwoods : LHP Sam McMillan
Batting: RHB Alfredo Rangel 0-0: Called Strike
0-1: Ground out 6-3 (Groundball, 6)
Batting: SHB David Boyle 0-0: Swinging Strike
0-1: Ball
1-1: Ball
2-1: Ball
3-1: Foul Ball, location: 2F
3-2: Base on Balls
Batting: SHB Chris Barrett 0-0: Called Strike
David Boyle is caught stealing 2nd base
0-1: Called Strike
0-2: Ball
1-2: Fly out, F8 (Flyball, 8LXD)
Bottom of the 8th over - 0 runs, 0 hits, 0 errors, 0 left on base; Redwood City 0 - District 9 7
TOP OF THE 9TH
Redwood City Redwoods batting - Pitching for District 9 Prawns : RHP Larry Johnston
Now at SS: Jeff Doss
Batting: RHB Luis Ramírez 0-0: Called Strike
0-1: Ball
1-1: SINGLE (Groundball, 34D)
Batting: RHB Francisco Rodríguez 0-0: Swinging Strike
0-1: Ball
1-1: Ball
2-1: Fielders Choice at 2nd, 1-6 (Groundball, P)
Pitching: LHP Ricardo Vega
Batting: RHB David Strickland 0-0: Ball
1-0: Called Strike
1-1: Ball
2-1: Ball
3-1: Base on Balls
Francisco Rodríguez to second
Batting: LHB José Peralta 0-0: Foul Ball, location: 2F
0-1: SINGLE (Line Drive, 6MD)
Francisco Rodríguez to third
David Strickland to second
Batting: LHB Keith Green 0-0: Ball
1-0: Ball
2-0: Ball
3-0: Called Strike
3-1: Fielders Choice at 2nd, 5-4 (Groundball, 5)
Francisco Rodríguez scores
David Strickland to third
Batting: RHB David Adams 0-0: Ball
1-0: Called Strike
1-1: Ball
2-1: Foul Ball, location: 2F
2-2: Strikes out swinging
Top of the 9th over - 1 run, 2 hits, 0 errors, 2 left on base; Redwood City 1 - District 9 7
Saturday, April 7th, 2018 - OOTP Baseball 18.8 Build 76